 Dungeon Crawl Stone Soup version 0.27-a0-1548-gf8a67e7463 (webtiles) character file.

Game seed: 10900686126220575677

635 tilp the Caller (level 7, -1/54 HPs)
             Began as a Barachi Summoner on July 12, 2021.
             Succumbed to a water moccasin's poison
             ... on level 5 of the Dungeon on July 13, 2021.
             The game lasted 00:12:35 (7658 turns).

tilp the Caller (Barachi Summoner)                  Turns: 7658, Time: 00:12:36

Health: -1/54      AC: 11    Str: 11    XL:     7   Next: 50%
Magic:  8/11       EV: 11    Int: 16    God:
Gold:   38         SH:  0    Dex: 12    Spells: 6/12 levels left

rFire    + . .     SeeInvis .   a - +2 spear (flame)
rCold    . . .     Faith    .   (no shield)
rNeg     . . .     Spirit   .   j - +0 ring mail
rPois    .         Reflect  .   (no helmet)
rElec    .         Harm     .   (no cloak)
rCorr    .         Rampage  .   c - +0 pair of gloves
Will     .....                  n - +0 pair of boots
Stlth    ++........             (no amulet)
HPRegen  0.18/turn              f - +4 ring of protection
MPRegen  0.12/turn              m - ring of protection from fire

@: lethally poisoned (-1 -> -8), unable to hop, slow
A: amphibious, slowness 1, strong legs 1, +LOS
a: Hop


You were on level 5 of the Dungeon.
You visited 1 branch of the dungeon, and saw 5 of its levels.

You collected 273 gold pieces.
You spent 235 gold pieces at shops.

Inventory:

Hand Weapons
 a - a +2 spear of flaming (weapon)
 b - a +1 flail of holy wrath
 d - a +0 scimitar
 i - a +1 dagger of speed
 o - a +1 short sword of flaming
 w - a +1 trident
Missiles
 h - 34 poisoned darts (quivered)
 v - 2 throwing nets
Armour
 c - a +0 pair of gloves (worn)
 j - a +0 ring mail (worn)
 n - a +0 pair of boots (worn)
Jewellery
 f - a +4 ring of protection (left hand)
 m - a ring of protection from fire (right hand)
 q - an amulet of faith
Wands
 p - a wand of iceblast (8)
Scrolls
 r - a scroll of teleportation
 x - 2 scrolls of torment
Potions
 g - 2 potions of brilliance
 k - a potion of mutation
 s - 2 potions of flight


   Skills:
 - Level 4.0 Fighting
 - Level 4.0 Dodging
 - Level 4.0 Stealth
 - Level 3.0 Spellcasting
 - Level 6.0 Summonings
 + Level 3.7 Evocations


You had 6 spell levels left.
You knew the following spells:

 Your Spells              Type           Power      Damage    Failure   Level
a - Summon Small Mammal   Summ           84%        N/A       3%          1
b - Call Imp              Summ           21%        N/A       6%          2
c - Call Canine Familiar  Summ           21%        N/A       12%         3

Your spell library contained the following spells:

 Spells                   Type           Power      Damage    Failure   Level
 Summon Guardian Golem    Hex/Summ       12%        N/A       36%         3
 Summon Lightning Spire   Summ/Air       12%        N/A       78%         4


Dungeon Overview and Level Annotations

Branches:
Dungeon (5/15)
 Temple: D:4-7

Altars:
Nemelex Xobeh
Trog

Shops:
D:1 ?   D:3 *


Innate Abilities, Weirdness & Mutations

You are amphibious.
You cover ground slowly.
You can hop short distances.
You have an extended range of vision and can be seen from far away.


Message History

You feel strangely unstable.
You feel very sick. The dart slug launches a dart at you.
The slug dart hits you but does no damage.
Unknown command.
You feel sick.
Your hound bites the dart slug but does no damage.
Unknown command.
You feel very sick.
Your hound bites the dart slug.
The water moccasin bites you but does no damage.
Unknown command.
You feel sick.
Unknown command.
Your surroundings suddenly seem different.
A water moccasin comes into view.
Found a stone staircase leading up.
You feel sick.
Unknown command.
As you read the scroll of teleportation, it crumbles to dust.
You feel strangely unstable.
You feel sick.
Unknown command.
You feel sick. The water moccasin bites you.
* * * LOW HITPOINT WARNING * * *
You are lethally poisoned!
The water moccasin poisons you! The water moccasin closely misses you.
Unknown command.
Unknown command.
* * * LOW HITPOINT WARNING * * *
You feel very sick.
The water moccasin completely misses you.
* * * LOW HITPOINT WARNING * * *
You feel very sick.
Found a book of Maledictions.
Your surroundings suddenly seem different.
* * * LOW HITPOINT WARNING * * *
You feel very sick.
The water moccasin hisses angrily.
Unknown command.
Okay, then.
You die...

.............###
.....#.#.#.#....#######
#.................[.....#
#......#....##.#.##.....#
#............#..........#
.......#.#....S#.#......#
#.......................#
#......#.#.#...#.#.#....#
#...##.......w..@......<#
#...##.#.#.#.#.#.#.#.#..##...#
......h...............ยง........
#...######...##....#.####.....#
#...# #...##....#.## #.... #...#
#...##....#..# ... #...#
#...##....##.## .# #...#
######....##..# ##### ########.#


You could see a water moccasin and a dart slug.

Vanquished Creatures
  A phantom (D:5)
  A scorpion (D:5)
  A howler monkey (D:4)
  An iguana (D:4)
  A hound skeleton (D:4)
  5 adders
  5 gnolls (D:4)
  A dart slug (D:1)
  3 orcs (D:4)
  4 endoplasms
  A giant cockroach (D:2)
  15 goblins
  19 hobgoblins
  5 ball pythons
  A bat (D:1)
  4 frilled lizards
  6 kobolds
  3 rats
77 creatures vanquished.

Vanquished Creatures (collateral kills)
  Edmund (D:5)
  A necrophage (D:5)
  Blork the orc (D:4)
  A hound (D:5)
  A hound skeleton (D:4)
  3 adders
  9 gnolls
  2 worms
  3 orcs
  An endoplasm (D:3)
  15 goblins
  16 hobgoblins
  2 quokkas
  3 ball pythons
  A bat (D:2)
  2 frilled lizards
  7 kobolds
69 creatures vanquished.

Vanquished Creatures (others)
  A goblin (D:4)
1 creature vanquished.

Grand Total: 147 creatures vanquished

Notes
Turn   | Place    | Note
-------+----------+-------------------------------------------
     0 | D:1      | tilp the Barachi Summoner began the quest for the Orb.
     0 | D:1      | Reached XP level 1. HP: 13/13 MP: 3/3
    26 | D:1      | Found Qur Buy's Magic Scroll Shop.
   192 | D:1      | Reached skill level 1 in Fighting
   554 | D:1      | Reached XP level 2. HP: 18/22 MP: 3/5
   557 | D:1      | Learned a level 2 spell: Call Imp
  1161 | D:2      | Reached skill level 5 in Summonings
  1181 | D:2      | Reached XP level 3. HP: 8/27 MP: 1/6
  1185 | D:2      | Learned a level 3 spell: Call Canine Familiar
  2004 | D:1      | Bought a scroll of identify for 28 gold pieces
  2175 | D:2      | Found a sparkling altar of Nemelex Xobeh.
  2202 | D:2      | Found a faded altar of an unknown god.
  2866 | D:3      | Found Sadua's Assorted Antiques.
  3200 | D:3      | Reached XP level 4. HP: 30/33 MP: 3/8
  3546 | D:3      | Bought a scroll labelled CUVETU MYKKO for 28 gold pieces
  3546 | D:3      | Bought a metallic cyan potion for 25 gold pieces
  3563 | D:3      | Reached skill level 6 in Summonings
  4228 | D:4      | Noticed Blork the orc
  4249 | D:4      | Killed Blork the orc
  4250 | D:4      | Reached skill level 1 in Evocations
  4250 | D:4      | Reached XP level 5. HP: 39/39 MP: 2/9
  4433 | D:4      | Found a bloodstained altar of Trog.
  5823 | D:4      | Reached XP level 6. HP: 47/47 MP: 6/10
  5909 | D:4      | Upgraded the game from 0.27-a0-1529-g1e82c303ef to
                  | 0.27-a0-1548-gf8a67e7463
  6869 | D:3      | Bought a scroll labelled CUVETU MYKKO for 28 gold pieces
  6869 | D:3      | Bought 3 scrolls labelled POIFOU NEEB for 84 gold pieces
  6976 | D:1      | Bought a scroll of teleportation for 42 gold pieces
  7373 | D:5      | Entered Level 5 of the Dungeon
  7510 | D:5      | Noticed Edmund
  7522 | D:5      | Killed Edmund
  7523 | D:5      | Reached XP level 7. HP: 53/53 MP: 2/11
  7657 | D:5      | HP: 1/54 [poisoned by a water moccasin]
  7658 | D:5      | Succumbed to a water moccasin's poison

Illustrated notes

Levels and vault maps discovered:
D:1:      amcnicky_arrival_choice, layout_loops_ring, serial_shops,
          nicolae_shop_crystal, dk_noncrumbling_4
D:2:      layout_loops_cross, shapermc_ecumenical_altar_venn, basic_altar
D:3:      layout_basic, serial_shops, shop
D:4:      minmay_goblin_kobold_castle, layout_loops_cross,
          lightli_temple_of_fire, serial_co_window_serial,
          co_window_of_opportunity_a, co_window_corner_a, co_window_corner_a,
          co_window_corner_a, co_window_of_opportunity_a, co_window_corner_a,
          co_window_cross_1, co_window_corner_cb, glass_columns_c,
          glass_columns_a, glass_columns_a, glass_columns_c, glass_columns_b,
          uniq_blork_the_orc
D:5:      layout_basic, hangedman_decor_riveting, uniq_menkaure, uniq_edmund

Skill      XL: |  1  2  3  4  5  6  7 |
---------------+----------------------+-----
Fighting       | 1 2 3 4 |  4.0
Summonings     | 5 6 |  6.0
Spellcasting   | 3 |  3.0
Stealth        | 2 3 4 |  4.0
Evocations     | 1 2 3 |  3.7
Dodging        | 3 4 |  4.0

Action                   |  1- 3 |  4- 6 |  7- 9 || total
-------------------------+-------+-------+-------++-------
Melee: Mace              |   107 |       |       ||   107
       Dagger            |    11 |   233 |       ||   244
       Spear             |       |    40 |    16 ||    56
       Flail             |       |       |    10 ||    10
 Cast: Summon Small Mamm |     6 |     1 |       ||     7
       Call Imp          |    33 |    37 |     1 ||    71
       Call Canine Famil |       |    19 |     2 ||    21
 Abil: Hop               |       |     2 |     1 ||     3
Evoke: Wand              |       |     2 |       ||     2
  Use: Scroll            |     2 |     8 |     2 ||    12
       Potion            |       |       |     2 ||     2
 Stab: Sleeping          |     2 |       |       ||     2
       Distracted        |       |     3 |     1 ||     4
Armor: Robe              |     5 |       |       ||     5
       Ring mail         |    59 |    91 |    27 ||   177
Dodge: Dodged            |    92 |   135 |    13 ||   240

Table legend: (Time is in decaauts)
 A = Elapsed time spent in this place.
 B = Non-inter-level travel time spent in this place.
 C = Inter-level travel time spent in this place.
 D = Time resting spent in this place.
 E = Time spent auto-exploring this place.
 F = Levels seen in this place.
 G = Mean time per level.
                   A        B        C        D        E       F      G
               +--------+--------+--------+--------+--------+-----+--------+
         Total |   8419 |   7510 |    909 |   1297 |   4886 |   5 | 1683.8 |
       Dungeon |   8419 |   7510 |    909 |   1297 |   4886 |   5 | 1683.8 |
               +--------+--------+--------+--------+--------+-----+--------+

Top non-repeatable levels by time:
     D:4: 3102 daAuts
     D:3: 2000 daAuts
     D:1: 1613 daAuts
     D:2: 1392 daAuts
     D:5: 311 daAuts
